 Dungeon Crawl Stone Soup version 0.31-a0-263-ge8cad7f256 (webtiles) character file.

Game seed: 2644718099224126429

102 qw the Shooter (level 4, -3/36 HPs)
             Began as a Minotaur Hexslinger on July 13, 2023.
             Slain by a gnoll
             ... wielding a +0 spear
              (4 damage)
             ... on level 3 of the Dungeon.
             The game lasted 00:00:54 (2075 turns).

qw the Shooter (Minotaur Hexslinger)                Turns: 2075, Time: 00:00:55

Health: -3/36      AC:  7    Str: 13      XL:     4   Next: 50%
Magic:  4/4        EV: 11    Int:  7 (10) God:
Gold:   117        SH:  0    Dex: 13 (14) Spells: 4/5 levels left

rFire   . . .        Y - +1 sling
rCold   . . .        (no shield)
rNeg    . . .        e - +0 ring mail
rPois   .            (helmet restricted)
rElec   .            (no cloak)
rCorr   .            i - +1 pair of gloves
SInv    .            (no boots)
Will    .....        d - amulet of faith
Stlth   +            (no ring)
HPRegen 0.26/turn    (no ring)
MPRegen 0.09/turn

%: faith
@: about to teleport
A: horns 2, retaliatory headbutt
a: no special abilities


You were on level 3 of the Dungeon.
You visited 1 branch of the dungeon, and saw 3 of its levels.

You collected 117 gold pieces.


Innate Abilities, Weirdness & Mutations

You have a pair of horns on your head.
You reflexively headbutt those who attack you in melee.


   Skills:
 - Level 2.0 Fighting
 + Level 4.7 Ranged Weapons
 - Level 1.5 Armour
 - Level 2.1 Dodging
 - Level 1.0 Spellcasting
 - Level 2.0 Hexes


You had 4 spell levels left.
You knew the following spells:

 Your Spells              Type           Power      Damage    Failure   Level
a - Slow                  Hex            12%        N/A       36%         1

Your spell library contained the following spells:

 Spells                   Type           Power      Damage    Failure   Level
 Inner Flame              Hex/Fire       1%         N/A       87%         3
 Portal Projectile        Hex/Tloc       2%         N/A       87%         3
 Cause Fear               Hex            1%         N/A       98%         4

Inventory:

Hand Weapons
 Y - a +1 sling (weapon)
Armour
 e - a +0 ring mail (worn)
 i - a +1 pair of gloves (worn)
Jewellery
 c - an amulet of the acrobat
 d - an amulet of faith (around neck)
Scrolls
 b - a scroll of identify
 h - 4 scrolls of teleportation

Dungeon Overview and Level Annotations

Branches:
Dungeon (3/15)

Altars:


Message History

The sling bullet closely misses the gnoll.
The gnoll barely misses you.
The gnoll hits you from afar with a +0 halberd.
You shoot a sling bullet. The sling bullet hits the gnoll.
The gnoll is moderately wounded.
The gnoll hits you from afar with a +0 spear.
The gnoll hits you but does no damage.
The gnoll hits you from afar with a +0 spear.
The gnoll hits you from afar with a +0 halberd.
You shoot a sling bullet.
The sling bullet closely misses the gnoll.
The gnoll hits you but does no damage. The gnoll barely misses you.
You shoot a sling bullet.
The sling bullet barely misses the gnoll.
The gnoll hits you from afar with a +0 spear.
The gnoll hits you from afar with a +0 halberd.
You shoot a sling bullet. The sling bullet hits the gnoll.
The gnoll is moderately wounded.
The gnoll closely misses you. The gnoll barely misses you.
The gnoll hits you but does no damage. x2
You shoot a sling bullet. The sling bullet hits the gnoll.
The gnoll is severely wounded.
The gnoll hits you from afar with a +0 spear.
The gnoll hits you from afar with a +0 halberd.
You shoot a sling bullet. The sling bullet hits the gnoll.
The gnoll is almost dead.
The gnoll hits you from afar with a +0 spear.
The gnoll barely misses you.
You shoot a sling bullet.
The sling bullet hits the gnoll but does no damage.
The gnoll is almost dead.
The gnoll hits you from afar with a +0 spear.
The gnoll hits you from afar with a +0 halberd.
The gnoll hits you from afar with a +0 spear.
The gnoll hits you but does no damage.
2075 ||| READING 5 scrolls of teleportation.
As you read the scroll of teleportation, it crumbles to dust.
You feel strangely unstable.
The gnoll hits you from afar with a +0 spear.
You die...

#. .#.#
.#.#...#
.?#...####
##.#.......
........
##..g..
#..gg#
####.%<.#
........@#
.........#
.......###
.......
.......
.=....?
$......
....


You could see 3 gnolls.

Vanquished Creatures
  A gnoll (D:2)
  2 adders (D:2)
  2 worms (D:2)
  7 ball pythons
  7 bats
  7 endoplasms
  4 giant cockroaches
  3 goblins
  7 hobgoblins
  5 jackals
  4 kobolds
  4 quokkas
  4 frilled lizards
  5 rats
62 creatures vanquished.

Notes
Turn   | Place    | Note
-------+----------+-------------------------------------------
     0 | D:1      | qw the Minotaur Hexslinger began the quest for the Orb.
     0 | D:1      | Reached XP level 1. HP: 16/16 MP: 1/1
     0 | D:1      | 0 ||| qw: Version: 0.3-a-52-g30416fa
     0 | D:1      | 0 ||| qw: Game counter: 7329
     0 | D:1      | 0 ||| qw: Melee chars always use a shield: true
     0 | D:1      | 0 ||| qw: God list: Okawaru
     0 | D:1      | 0 ||| qw: Allow faded altars: false
     0 | D:1      | 0 ||| qw: Do Orc after clearing Dungeon:15 true
     0 | D:1      | 0 ||| qw: Do second Lair branch before Depths: true
     0 | D:1      | 0 ||| qw: Lair rune preference: random
     0 | D:1      | 0 ||| qw: Goals: Normal
     0 | D:1      | 0 ||| PLANNING D:1-11
   135 | D:1      | Reached skill level 3 in Ranged Weapons
   138 | D:1      | Reached XP level 2. HP: 23/23 MP: 2/2
   561 | D:1      | Reached XP level 3. HP: 29/29 MP: 3/3
   669 | D:1      | Found a faded altar of an unknown god.
  1002 | D:1      | 1002 ||| UPGRADING to +0 ring mail.
  1012 | D:1      | 1012 ||| DROPPING +0 robe.
  1013 | D:1      | 1013 ||| UPGRADING to +1 pair of gloves.
  1018 | D:1      | 1018 ||| READING 4 scrolls labelled OCITACR TONYEX.
  1019 | D:1      | 1019 ||| READING scroll labelled EZYC ZOIMOPOA.
  1020 | D:1      | 1020 ||| READING 5 scrolls labelled HEAPAB ECOESI.
  1023 | D:1      | 1023 ||| DRINKING 3 fizzy puce potions.
  1024 | D:1      | 1024 ||| DROPPING 3 scrolls of immolation.
  1025 | D:1      | 1025 ||| DROPPING scroll of poison.
  1026 | D:1      | 1026 ||| DROPPING 2 potions of degeneration.
  1139 | D:2      | Reached skill level 4 in Ranged Weapons
  1192 | D:2      | Reached skill level 1 in Armour
  1284 | D:2      | Reached XP level 4. HP: 36/36 MP: 4/4
  1548 | D:2      | 1548 ||| DROPPING amulet of magic regeneration.
  1549 | D:2      | 1549 ||| UPGRADING to amulet of the acrobat.
  1554 | D:2      | 1554 ||| UPGRADING to amulet of faith.
  1583 | D:3      | 1583 ||| PLANNING SEWER
  1590 | D:3      | 1590 ||| STAIRDANCE
  1630 | D:3      | 1630 ||| STAIRDANCE
  1660 | D:3      | 1660 ||| STAIRDANCE
  1744 | D:3      | 1744 ||| STAIRDANCE
  1837 | D:3      | 1837 ||| STAIRDANCE
  1894 | D:3      | 1894 ||| STAIRDANCE
  1932 | D:3      | 1932 ||| STAIRDANCE
  2011 | D:3      | 2011 ||| STAIRDANCE
  2046 | D:3      | 2046 ||| STAIRDANCE
  2064 | D:3      | 2064 ||| Stepping ~*~*~tactically~*~*~ (outnumbered).
  2074 | D:3      | HP: 6/36 [gnoll/+0 spear (5)]
  2074 | D:3      | HP: 1/36 [gnoll/+0 spear (2)]
  2075 | D:3      | 2075 ||| READING 5 scrolls of teleportation.
  2075 | D:3      | Slain by a gnoll

Levels and vault maps discovered:
D:1:      saegor_arrival_simple_c, layout_basic,
          hellmonk_ecumenical_altar_prayer_group
D:2:      layout_rooms
D:3:      layout_rooms, gammafunk_temple_overflow_claw,
          mainiacjoe_overflow_cross_hatched, serial_shops, shop_fountains, shop,
          portal_sewer_entry_f

Skill      XL: |  1  2  3 |
---------------+----------+-----
Ranged Weapons | 3 4 |  4.7
Fighting       | 2 |  2.0
Armour         | 1 |  1.5
Dodging        | |  2.1
Spellcasting   | |  1.0
Hexes          | |  2.0

Action                     |  1- 3 |  4- 6 || total
---------------------------+-------+-------++-------
   Fire: Sling             |   148 |    64 ||   212
    Use: Scroll            |     3 |     1 ||     4
         Potion            |     1 |       ||     1
 Armour: Robe              |     5 |       ||     5
         Ring mail         |    20 |    31 ||    51
  Dodge: Dodged            |    64 |    59 ||   123

Table legend:
 A = Non-vault XP
 B = Vault XP
 C = Vault XP percentage of total XP
 D = Non-vault monster count
 E = Vault monster count
 F = Vault count percentage of total count
                 A         B        C        D         E       F
            +---------+---------+-------+---------+---------+-------
      Total |     143 |       4 |   2.7 |      60 |       2 |   3.2
            +---------+---------+-------+---------+---------+-------
        D:1 |      49 |       4 |   7.5 |      30 |       2 |   6.2
        D:2 |      88 |       0 |   0.0 |      27 |       0 |   0.0
        D:3 |       6 |       0 |   0.0 |       3 |       0 |   0.0
            +---------+---------+-------+---------+---------+-------
